 Dungeon Crawl Stone Soup version bcrawl-1.21.2-28-g2cb1824106 (webtiles) character file.

Game seed: 17994616202761125387

295 Banto the Confident (level 6, -4/47 HPs)
             Began as a Demigod Wanderer on Mar 20, 2020.
             Slain by an ogre
             ... wielding a +0 giant club
              (26 damage)
             ... on level 4 of the Dungeon.
             The game lasted 00:03:56 (2766 turns).

Banto the Confident (Demigod Wanderer)              Turns: 2766, Time: 00:03:57

Health: -4/47      AC:  8    Str: 22    XL:     6   Next: 11%
Magic:  12/12      EV: 10    Int: 14    God:    Demigod [**....]
Gold:   177        SH:  0    Dex: 16    Spells: 8/8 levels left

rFire    . . .     SeeInvis .   a - +2 shortbow
rCold    . . .     Gourm    .   (shield currently unavailable)
rNeg     . . .     Faith    .   m - +0 ring mail
rPois    .         Spirit   .   g - +0 helmet
rElec    .         Reflect  .   (no cloak)
rCorr    .         Harm     .   t - +0 pair of gloves
MR       .....                  (no boots)
Stlth    +.........             (no amulet)
HPRegen  0.15/turn              q - ring of flight
MPRegen  0.13/turn              (no ring)

@: no status effects
A: high mp 1
a: Temporal Distortion, Growth, Evoke Flight


You were on level 4 of the Dungeon.
You worshipped Demigod.
Demigod was pleased with you.
You were not hungry.

You visited 1 branch of the dungeon, and saw 4 of its levels.

You collected 177 gold pieces.

Inventory:

Hand Weapons
 a - a +2 shortbow (weapon)
 b - a +0 trident
Missiles
 o - 218 arrows (quivered)
Armour
 g - a +0 helmet (worn)
 m - a +0 ring mail (worn)
 t - a +0 pair of gloves (worn)
Jewellery
 q - a ring of flight (left hand)
Scrolls
 c - a scroll of enchant weapon
 f - a scroll of remove curse
 i - 4 scrolls of teleportation
 l - a scroll of magic mapping
 n - a scroll of amnesia
 p - a scroll of blinking {unknown}
 r - a scroll of identify
Potions
 d - 2 potions of degeneration {unknown}
 h - 3 potions of heal wounds
 j - 3 potions of brilliance
 k - 2 potions of curing
 s - a potion of berserk rage
Comestibles
 e - 6 rations {!d}


   Skills:
 - Level 1.4 Fighting
 * Level 1.6 Polearms
 - Level 1.1 Bows
 - Level 3.3 Armour
 - Level 0.3 Stealth
   Level 1.7 Shields
 - Level 1.9 Spellcasting
   Level 2.7 Conjurations
 + Level 5.0 Invocations


You had 8 spell levels left.
You didn't know any spells.
Your spell library contained the following spells:

 Spells                   Type           Power        Failure   Level  Hunger
 Sting                    Conj/Pois      #...         22%         1    ##.....
 Poisonous Vapours        Pois/Air       #.....       50%         2    ###....
 Ignite Poison            Fire/Tmut/Pois #.......     75%         3    ####...
 Olgreb's Toxic Radiance  Pois           #.......     98%         4    #####..
 Summon Scorpions         Summ/Pois      #.......     98%         4    #####..
 Venom Bolt               Conj/Pois      #.........   99%         5    ######.


Dungeon Overview and Level Annotations

Branches:
Dungeon (4/12)
 Temple: D:4-7


Innate Abilities, Weirdness & Mutations

You have an increased reservoir of magic. (+10% MP)


Message History

Press: ? - help, Shift-Dir - straight line, f/p - ogre
Aim: an ogre, wielding a +0 giant club (heavily wounded)
You shoot an arrow. The arrow hits the ogre.
The ogre is severely wounded.
The ogre misses you.
Firing (i - inventory)
o - 220 arrows (quivered)
Press: ? - help, Shift-Dir - straight line, f/p - ogre
Aim: an ogre, wielding a +0 giant club (severely wounded)
You shoot an arrow. The arrow hits the ogre.
The ogre is severely wounded.
The ogre barely misses you.
Firing (i - inventory)
o - 219 arrows (quivered)
Press: ? - help, Shift-Dir - straight line, f/p - ogre
Aim: an ogre, wielding a +0 giant club (severely wounded)
You shoot an arrow. The arrow hits the ogre.
The ogre is almost dead.
The ogre hits you with a +0 giant club!!
Ouch! That really hurt!
You die...
Your divinity fades.

...#. #...#
#.###...# #....<.#
##.###.# #.# # #.#
.####
..####.####......
#.........@O.#.#..
##.####..........#
######.#.#..
.....# #.### ...
###


You could see an ogre.

Vanquished Creatures
  Sigmund (D:2)
  A centaur zombie (D:3)
  An orc priest (D:2)
  3 worms
  2 dart slugs
  8 leopard geckos
  4 orcs
  3 ball pythons
  6 bats
  A giant cockroach (D:3)
  5 hobgoblins
  3 jackals (D:3)
  A quokka (D:2)
  2 frilled lizards
  7 goblins
  5 kobolds
  11 rats
64 creatures vanquished.

Notes
Turn   | Place    | Note
-------+----------+-------------------------------------------
     0 | D:1      | Banto the Demigod Wanderer began the quest for the Orb.
     0 | D:1      | Banto set off with the following items: a +2 shortbow, 169
                  | arrows, a +0 medium shield, a ration {!d}, a +0 robe; and
                  | the following spell memorised: Sting; and the following
                  | spells available to memorise: Poisonous Vapours, Ignite
                  | Poison, Olgreb's Toxic Radiance, Summon Scorpions, Venom
                  | Bolt
     0 | D:1      | Reached XP level 1. HP: 16/16 MP: 5/5
   225 | D:1      | Reached XP level 2. HP: 23/23 MP: 7/7
   495 | D:1      | Reached skill level 1 in Invocations
   796 | D:1      | Reached XP level 3. HP: 27/28 MP: 8/8
  1044 | D:2      | Reached skill level 2 in Invocations
  1045 | D:2      | Noticed Sigmund
  1150 | D:2      | Reached * piety under Demigod
  1232 | D:2      | Killed Sigmund
  1232 | D:2      | Reached skill level 4 in Invocations
  1232 | D:2      | Reached XP level 4. HP: 34/35 MP: 10/10
  1232 | D:2      | Reached XP level 5. HP: 39/40 MP: 11/11
  2109 | D:3      | Reached skill level 1 in Polearms
  2199 | D:3      | Reached XP level 6. HP: 33/47 MP: 12/12
  2207 | D:3      | Reached ** piety under Demigod
  2324 | D:3      | Found a sparkling altar of Nemelex Xobeh.
  2463 | D:3      | Noticed a moth of wrath
  2466 | D:3      | Found a bloodstained altar of Trog.
  2482 | D:3      | Reached skill level 5 in Invocations
  2766 | D:4      | Slain by an ogre

Skill      XL: |  1  2  3  4  5  6 |
---------------+-------------------+-----
Invocations    | 1 4 5 |  5.0
Armour         | 3 |  3.3
Polearms       | 1 |  1.6
Fighting       | |  1.4
Bows           | |  1.1
Stealth        | |  0.3
Shields        | |  1.7
Spellcasting   | |  1.9
Conjurations   | |  2.7

Action                   |  1- 3 |  4- 6 || total
-------------------------+-------+-------++-------
Melee: Trident           |       |    63 ||    63
 Fire: Shortbow          |    92 |    44 ||   136
  Use: Scroll            |     1 |     9 ||    10
  Eat: Chunk             |     1 |     5 ||     6
Armor: Ring mail         |    13 |    34 ||    47
Dodge: Dodged            |    23 |    42 ||    65
